[Event "16th Spilimbergo Open 2018"]
[Site "Spilimbergo"]
[Date "2018.08.15"]
[Round "9.16"]
[White "Solomon, Kenny"]
[Black "Di Benedetto, Desiree"]
[Result "1/2-1/2"]
[ECO "D36"]
[WhiteElo "2395"]
[BlackElo "2295"]
[Annotator "NA"]
[PlyCount "25"]
[EventDate "2018.08.10"]
[EventType "swiss"]
[EventCountry "ITA"]
[SourceTitle "playchess.com"]
[Source "ChessBase"]
[SourceQuality "1"]
[TimeControl "5400+30"]

1. d4 d5 2. c4 e6 3. Nc3 Nf6 4. cxd5 exd5 5. Bg5 c6 6. Qc2 Be6 7. e3 Nbd7 8. Bd3 h6 9. Bh4 g5 10. Bg3 Nh5 11. Nge2 Nxg3 12. Nxg3 h5 13. O-O-O 1/2-1/2